 Dungeon Sprint DCSS version 0.27.1-33-g824d729ab1 (webtiles) character file.

Game seed: 15337230379309463744

2992 Adenis the Warrior (level 9, -5/178 HPs)
             Began as an Ogre Berserker on Dec 4, 2021.
             Was a High Priest of Trog.
             Slain by a demonic crawler (11 damage)
             ... in the Dungeon (Sprint I: "Red Sonja").
             The game lasted 00:05:43 (1255 turns).

Adenis the Warrior (Ogre Berserker)                 Turns: 1255, Time: 00:05:44

Health: -5/178     AC:  5    Str: 26    XL:     9   Next: 83%
Magic:  9/9        EV: 12    Int:  8    God:    Trog [*****.]
Gold:   641        SH:  0    Dex:  8    Spells: 8/8 levels left

rFire    . . .     SeeInvis .   a - +0 hand axe
rCold    . . .     Faith    .   (no shield)
rNeg     . . .     Spirit   .   l - +0 troll leather armour
rPois    .         Reflect  .   (helmet restricted)
rElec    .         Harm     .   (no cloak)
rCorr    .         Rampage  .   (gloves unavailable)
Will     .....     NoTele   +   (boots unavailable)
Stlth    ..........             (no amulet)
HPRegen  1.39/turn              (no ring)
MPRegen  0.11/turn              (no ring)

@: berserking (expiring), very quick
A: large, unfitting armour, tough skin 1
a: Renounce Religion, Berserk, Trog's Hand, Brothers in Arms


You were in the Dungeon.
You worshipped Trog.
Trog was extremely pleased with you.
You visited 1 branch You collected 649 gold pieces.
You spent 8 gold pieces at shops.

Inventory:

Hand Weapons
 a - a +0 hand axe (weapon)
Armour
 b - a +0 animal skin
 k - a +0 robe
 l - a +0 troll leather armour (worn)
Wands
 i - a wand of digging (5)
Scrolls
 h - a scroll of blinking
 j - a scroll of fear {unknown}
Potions
 c - a potion of curing
 d - a potion of heal wounds
 e - a potion of haste
 f - 2 potions of magic
 g - a potion of berserk rage
 m - a potion of might {unknown}


   Skills:
 + Level 16.4 Fighting
 + Level 12.9 Axes
 + Level 3.4 Armour
 + Level 11.1 Dodging
 + Level 0.2 Stealth


You had 8 spell levels left.
You didn't know any spells.
Your spell library was empty.

Dungeon Overview and Level Annotations

Branches:
Dungeon (1/1)

Altars:
Cheibriados
Dithmenos
Elyvilon
Fedhas
Gozag
Hepliaklqana
Kikubaaqudgha
Makhleb
Nemelex Xobeh
Okawaru
Qazlal
Ru
Sif Muna
Trog
Uskayaw
Vehumet
Wu Jian
Xom
Yredelemnul
Zin
The Shining One
Jiyva
Lugonu

Shops:
D (*[


Innate Abilities, Weirdness & Mutations

You are too large for most types of armour.
You have tough skin. (AC +1)


Message History

You hit the demonic crawler.
The demonic crawler is lightly wounded.
You slash the demonic crawler!
The demonic crawler is moderately wounded.
The demonic crawler hits you!
* * * LOW HITPOINT WARNING * * *
The demonic crawler hits you.
* * * LOW HITPOINT WARNING * * *
The demonic crawler hits you!
* * * LOW HITPOINT WARNING * * *
You hit the demonic crawler but do no damage.
The demonic crawler is moderately wounded.
You slice the demonic crawler!!
The demonic crawler is severely wounded.
The demonic crawler hits you.
* * * LOW HITPOINT WARNING * * *
The demonic crawler hits you.
* * * LOW HITPOINT WARNING * * *
The demonic crawler barely misses you.
You slash the demonic crawler!
The demonic crawler is almost dead.
You hit the demonic crawler.
The demonic crawler is almost dead.
The demonic crawler hits you.
* * * LOW HITPOINT WARNING * * *
The demonic crawler hits you but does no damage.
The demonic crawler hits you.
* * * LOW HITPOINT WARNING * * *
You feel a strong urge to attack something.
Things that are here:
a +4 dagger; a +0 robe You hit the demonic crawler.
You kill the demonic crawler!
Trog accepts your kill.
You slice the demonic crawler!!
The demonic crawler is moderately wounded.
You slash the demonic crawler!
The demonic crawler is severely wounded.
The demonic crawler closely misses you. The demonic crawler hits you!
You die...

####################
').#..'..#__#..')..#
#..').#..'..'..#@s.##+#
##'#####'#__####...†..#
#..#...#)#### #####..+
####..##.# ##
___##'#_.+ ∩...'..._#
.__##_.#'# ___###)#.#
### ######.####+###.##


You could see a demonic crawler.

Vanquished Creatures
  Sonja (D)
  A deep troll (D)
  2 kobold demonologists (D)
  3 demonic crawlers (D)
  A slime creature (D)
  Sigmund (D)
  A yak (D)
  A floating eye (D)
  An ogre (D)
  A jelly (D)
  Ijyb (D)
14 creatures vanquished.

Notes
Turn   | Place    | Note
-------+----------+-------------------------------------------
     0 | D        | Adenis the Ogre Berserker began the quest for the Orb.
     0 | D        | Reached XP level 1. HP: 24/24 MP: 1/1
     2 | D        | Noticed Ijyb
    14 | D        | Killed Ijyb
    15 | D        | Reached skill level 6 in Fighting
    15 | D        | Reached XP level 2. HP: 34/36 MP: 2/2
    15 | D        | Reached XP level 3. HP: 42/44 MP: 3/3
   119 | D        | Noticed an ogre
   124 | D        | Killed an ogre
   125 | D        | Reached skill level 8 in Fighting
   125 | D        | Reached skill level 5 in Axes
   125 | D        | Reached skill level 5 in Dodging
   125 | D        | Reached XP level 4. HP: 57/57 MP: 4/4
   202 | D        | Noticed Sigmund
   209 | D        | Killed Sigmund
   209 | D        | Reached ** piety under Trog
   210 | D        | Reached skill level 10 in Fighting
   210 | D        | Reached XP level 5. HP: 70/70 MP: 5/5
   210 | D        | Reached XP level 6. HP: 79/79 MP: 6/6
   238 | D        | Found an ornate altar of the Wu Jian Council.
   238 | D        | Found a shimmering blue altar of Sif Muna.
   240 | D        | Found a radiant altar of Vehumet.
   272 | D        | Found Noivieg's General Store.
   272 | D        | Found an ancient bone altar of Kikubaaqudgha.
   272 | D        | Found a hazy altar of Hepliaklqana.
   272 | D        | Found a stormy altar of Qazlal.
   272 | D        | Found a hide-covered altar of Uskayaw.
   272 | D        | Found a blossoming altar of Fedhas.
   272 | D        | Found a bloodstained altar of Trog.
   272 | D        | Found an iron altar of Okawaru.
   272 | D        | Found a basalt altar of Yredelemnul.
   272 | D        | Found a glowing golden altar of the Shining One.
   272 | D        | Found a snail-covered altar of Cheibriados.
   272 | D        | Found a sacrificial altar of Ru.
   272 | D        | Found a glowing silver altar of Zin.
   272 | D        | Found a shadowy altar of Dithmenos.
   272 | D        | Found a white marble altar of Elyvilon.
   272 | D        | Noticed a yak
   291 | D        | Killed a yak
   292 | D        | Reached skill level 11 in Fighting
   292 | D        | Reached XP level 7. HP: 11/89 MP: 7/7
   292 | D        | Found an opulent altar of Gozag.
   293 | D        | Found a sparkling altar of Nemelex Xobeh.
   297 | D        | Bought a +0 robe for 8 gold pieces
   721 | D        | Noticed Sonja
   728 | D        | Killed Sonja
   728 | D        | Reached *** piety under Trog
   729 | D        | Reached skill level 13 in Fighting
   729 | D        | Reached skill level 10 in Axes
   729 | D        | Reached XP level 8. HP: 104/104 MP: 8/8
   817 | D        | Noticed a deep troll
   828 | D        | Killed a deep troll
   829 | D        | Reached skill level 14 in Fighting
   829 | D        | Reached skill level 10 in Dodging
  1042 | D        | Found Sohoa's Armour Emporium.
  1070 | D        | Found Pifuth's Weapon Boutique.
  1106 | D        | Found a burning altar of Makhleb.
  1106 | D        | Found a viscous altar of Jiyva.
  1106 | D        | Found a shimmering altar of Xom.
  1106 | D        | Found a corrupted altar of Lugonu.
  1106 | D        | Noticed a slime creature
  1119 | D        | Killed a slime creature
  1120 | D        | Reached XP level 9. HP: 59/114 MP: 9/9
  1175 | D        | Noticed a kobold demonologist
  1175 | D        | Noticed a kobold demonologist
  1178 | D        | Reached **** piety under Trog
  1179 | D        | Reached skill level 15 in Fighting
  1179 | D        | Reached skill level 1 in Armour
  1182 | D        | Noticed an orange demon
  1182 | D        | Killed a kobold demonologist
  1189 | D        | Killed a kobold demonologist
  1228 | D        | Noticed a demonic crawler
  1228 | D        | Noticed a demonic crawler
  1228 | D        | Noticed a demonic crawler
  1228 | D        | Noticed a demonic crawler
  1242 | D        | Killed a demonic crawler
  1243 | D        | Reached skill level 16 in Fighting
  1244 | D        | Killed a demonic crawler
  1244 | D        | Reached ***** piety under Trog
  1251 | D        | HP: 8/177 [demonic crawler (4)]
  1251 | D        | HP: 3/177 [demonic crawler (5)]
  1253 | D        | Killed a demonic crawler
  1255 | D        | Slain by a demonic crawler

Illustrated notes

Levels and vault maps discovered:
D:        dungeon_sprint_1 [red_sonja_temple_1, red_sonja_temple_small_1]

Skill      XL: |  1  2  3  4  5  6  7  8  9 |
---------------+----------------------------+-----
Fighting       | 6 8 10 11 13 14 16 | 16.4
Axes           | 4 5 7 8 10 11 12 | 12.9
Dodging        | 4 5 7 8 9 10 11 | 11.1
Armour         | 3 |  3.4
Stealth        | |  0.2

Action                   |  1- 3 |  4- 6 |  7- 9 || total
-------------------------+-------+-------+-------++-------
Melee: Hand axe          |    13 |    26 |    61 ||   100
Invok: Berserk           |     2 |     2 |     4 ||     8
Armor: Animal skin       |     2 |     1 |       ||     3
       Robe              |       |       |     1 ||     1
       Troll leather arm |       |       |     9 ||     9
Dodge: Dodged            |     7 |     6 |    42 ||    55
